TOP OF THE 1ST |
Barry's Bay Orioles batting - Pitching for Cincinnati Pride : RHP Ben Larsen
|
Pitching: RHP Ben Larsen
|
|
Batting: SHB Emílio Calvillo
|
0-0: Ball 1-0: Called Strike 1-1: Ball 2-1: Ball 3-1: Base on Balls
|
Batting: LHB Ryan Rheaume
|
0-0: Called Strike 0-1: Ball 1-1: Foul Ball, location: 2F 1-2: DOUBLE (Line Drive, 9LM) Emílio Calvillo to third Runner from 3rd tries for Home, throw and OUT!
|
Batting: RHB Jason Ward
|
0-0: Called Strike 0-1: Fly out, F7 (Flyball, 7)
|
Batting: RHB Lorenzo Silva
|
0-0: Ball 1-0: Fly out, F5 (Popup, 5L)
|
Top of the 1st over - 0 run(s), 1 hit(s), 0 error(s), 1 left on base; Barry's Bay 0 - Cincinnati 0 |
BOTTOM OF THE 1ST |
Cincinnati Pride batting - Pitching for Barry's Bay Orioles : RHP Félix González
|
Pitching: RHP Félix González
|
|
Batting: SHB Jaime Martínez
|
0-0: Fly out, F5 (Line Drive, 56S)
|
Batting: RHB Leslie Kennedy
|
0-0: Ball 1-0: Called Strike 1-1: Ball 2-1: Swinging Strike 2-2: Strikes out looking
|
Batting: RHB Jorge Flores
|
0-0: Ball 1-0: SINGLE (Groundball, 6D)
|
Batting: LHB John Clark
|
0-0: Fielders Choice at 2nd, 4-6 (Groundball, 4)
|
Bottom of the 1st over - 0 run(s), 1 hit(s), 0 error(s), 0 left on base; Barry's Bay 0 - Cincinnati 0 |
TOP OF THE 2ND |
Barry's Bay Orioles batting - Pitching for Cincinnati Pride : RHP Ben Larsen
|
Batting: LHB T.J. Richardson
|
0-0: Called Strike 0-1: Foul Ball, location: 2F 0-2: Foul Ball, location: 2F 0-2: Strikes out swinging
|
Batting: RHB Troy González
|
0-0: Ball 1-0: Ball 2-0: Called Strike 2-1: Foul Ball, location: 2F 2-2: Strikes out looking
|
Batting: SHB Garrett Waller
|
0-0: Foul Ball, location: 2F 0-1: Ball 1-1: Foul Ball, location: 2F 1-2: Foul Ball, location: 2F 1-2: Ball 2-2: Ball 3-2: Base on Balls
|
Batting: RHB Octávio Aldeguer
|
0-0: Called Strike 0-1: Foul Ball, location: 2F 0-2: Fly out, F8 (Flyball, 8RS)
|
Top of the 2nd over - 0 run(s), 0 hit(s), 0 error(s), 1 left on base; Barry's Bay 0 - Cincinnati 0 |
BOTTOM OF THE 2ND |
Cincinnati Pride batting - Pitching for Barry's Bay Orioles : RHP Félix González
|
Batting: RHB Roger Rush
|
0-0: Called Strike 0-1: Ball 1-1: Hit by Pitch
|
Batting: RHB Bartolo Montero
|
0-0: Ball 1-0: Ball 2-0: Ball 3-0: Called Strike 3-1: Foul Ball, location: 2F 3-2: Fly out, F9 (Line Drive, 9)
|
Batting: RHB Pete Woods
|
0-0: Ball 1-0: Swinging Strike 1-1: Called Strike 1-2: Ball 2-2: Ball 3-2: Fly out, F4 (Popup, 3L)
|
Batting: RHB Keith Sheehan
|
0-0: Ball 1-0: Fly out, F9 (Flyball, 89S)
|
Bottom of the 2nd over - 0 run(s), 0 hit(s), 0 error(s), 1 left on base; Barry's Bay 0 - Cincinnati 0 |
TOP OF THE 3RD |
Barry's Bay Orioles batting - Pitching for Cincinnati Pride : RHP Ben Larsen
|
Batting: RHB Bill Pike
|
0-0: Swinging Strike 0-1: Foul Ball, location: 2F 0-2: Ball 1-2: Strikes out looking
|
Batting: SHB Emílio Calvillo
|
0-0: Swinging Strike 0-1: Ball 1-1: Foul Ball, location: 2F 1-2: Foul Ball, location: 2F 1-2: Ball 2-2: Ball 3-2: Foul Ball, location: 2F 3-2: Foul Ball, location: 2F 3-2: Strikes out swinging
|
Batting: LHB Ryan Rheaume
|
0-0: Swinging Strike 0-1: Called Strike 0-2: Strikes out swinging
|
Top of the 3rd over - 0 run(s), 0 hit(s), 0 error(s), 0 left on base; Barry's Bay 0 - Cincinnati 0 |
BOTTOM OF THE 3RD |
Cincinnati Pride batting - Pitching for Barry's Bay Orioles : RHP Félix González
|
Batting: RHB Gary Miller
|
0-0: Foul Ball, location: 2F 0-1: Swinging Strike 0-2: Strikes out swinging
|
Batting: SHB Jaime Martínez
|
0-0: Ball 1-0: Ball 2-0: Ball 3-0: Base on Balls
|
Batting: RHB Leslie Kennedy
|
0-0: Grounds into double play, 5-4-3 (Groundball, 56)
|
Bottom of the 3rd over - 0 run(s), 0 hit(s), 0 error(s), 0 left on base; Barry's Bay 0 - Cincinnati 0 |
TOP OF THE 4TH |
Barry's Bay Orioles batting - Pitching for Cincinnati Pride : RHP Ben Larsen
|
Batting: RHB Jason Ward
|
0-0: Ball 1-0: Foul Ball, location: 2F 1-1: Ground out 6-3 (Groundball, 6)
|
Batting: RHB Lorenzo Silva
|
0-0: Called Strike 0-1: Ball 1-1: Foul Ball, location: 2F 1-2: Foul Ball, location: 2F 1-2: SINGLE (Line Drive, 78M)
|
Batting: LHB T.J. Richardson
|
0-0: Fielders Choice at 2nd, 5-4 (Groundball, 5L)
|
Batting: RHB Troy González
|
0-0: Ball 1-0: SINGLE (Groundball, 6MD) T.J. Richardson to second Runner from 2nd tries for 3rd, SAFE, no throw
|
Batting: SHB Garrett Waller
|
0-0: Ball 1-0: Foul Ball, location: 2F 1-1: Foul Ball, location: 2F 1-2: Strikes out looking
|
Top of the 4th over - 0 run(s), 2 hit(s), 0 error(s), 2 left on base; Barry's Bay 0 - Cincinnati 0 |
BOTTOM OF THE 4TH |
Cincinnati Pride batting - Pitching for Barry's Bay Orioles : RHP Félix González
|
Batting: RHB Jorge Flores
|
0-0: Ground out 5-3 (Groundball, 56)
|
Batting: LHB John Clark
|
0-0: Called Strike 0-1: Ball 1-1: Ball 2-1: Ball 3-1: DOUBLE (Line Drive, 7LD)
|
Batting: RHB Roger Rush
|
0-0: Ball Wild Pitch! John Clark to third 1-0: Called Strike 1-1: SINGLE (Line Drive, 7LS) John Clark scores
|
Batting: RHB Bartolo Montero
|
0-0: Foul Ball, location: 2F 0-1: Swinging Strike 0-2: DOUBLE (Line Drive, 7) Roger Rush to third Runner from 3rd tries for Home, SAFE, no throw
|
Batting: RHB Pete Woods
|
0-0: Called Strike 0-1: Foul Ball, location: 2F 0-2: Ball Wild Pitch! Bartolo Montero to third 1-2: SINGLE (Line Drive, 4MD) Bartolo Montero scores
|
Batting: RHB Keith Sheehan
|
0-0: Ball 1-0: Foul Ball, location: 2F 1-1: Foul Ball, location: 2F 1-2: Strikes out swinging
|
Batting: RHB Gary Miller
|
0-0: Called Strike 0-1: Ball 1-1: Ball 2-1: Called Strike 2-2: Strikes out swinging
|
Bottom of the 4th over - 3 run(s), 4 hit(s), 0 error(s), 1 left on base; Barry's Bay 0 - Cincinnati 3 |
TOP OF THE 5TH |
Barry's Bay Orioles batting - Pitching for Cincinnati Pride : RHP Ben Larsen
|
Batting: RHB Octávio Aldeguer
|
0-0: Ball 1-0: Ball 2-0: Called Strike 2-1: Ball 3-1: Foul Ball, location: 2F 3-2: Foul Ball, location: 2F 3-2: Foul Ball, location: 2F 3-2: Base on Balls
|
Batting: RHB Bill Pike
|
0-0: Called Strike 0-1: Fly out, F6 (Line Drive, 6)
|
Batting: SHB Emílio Calvillo
|
0-0: Foul Ball, location: 2F 0-1: Ball 1-1: Hit by Pitch Octávio Aldeguer to second
|
Batting: LHB Ryan Rheaume
|
0-0: Called Strike 0-1: Ball 1-1: Ball 2-1: Ball Octávio Aldeguer steals 3rd base Emílio Calvillo to second 3-1: Foul Ball, location: 2F 3-2: Strikes out swinging
|
Batting: RHB Jason Ward
|
0-0: SINGLE (Line Drive, 56) Octávio Aldeguer scores Emílio Calvillo to third Runner from 3rd tries for Home, SAFE, no throw
|
Batting: RHB Lorenzo Silva
|
0-0: Ball 1-0: Ball Jason Ward steals 2nd base 2-0: SINGLE (Groundball, 56D) Jason Ward to third Runner from 3rd tries for Home, SAFE, no throw
|
Pitching: RHP Júlio Ovies
|
|
Batting: LHB T.J. Richardson
|
0-0: Called Strike 0-1: Ball 1-1: Foul Ball, location: 2F 1-2: Strikes out looking
|
Top of the 5th over - 3 run(s), 2 hit(s), 0 error(s), 1 left on base; Barry's Bay 3 - Cincinnati 3 |
BOTTOM OF THE 5TH |
Cincinnati Pride batting - Pitching for Barry's Bay Orioles : RHP Félix González
|
Batting: SHB Jaime Martínez
|
0-0: Ball 1-0: Called Strike 1-1: Ball 2-1: Called Strike 2-2: Foul Ball, location: 2F 2-2: Strikes out swinging
|
Batting: RHB Leslie Kennedy
|
0-0: Ground out 6-3 (Groundball, 6M)
|
Batting: RHB Jorge Flores
|
0-0: Hit by Pitch
|
Pinch Runner at 1st Jorge Silva:
|
|
Batting: LHB John Clark
|
0-0: Foul Ball, location: 2F 0-1: Ball 1-1: Foul Ball, location: 2F 1-2: SINGLE (Flyball, 78S) Jorge Silva to second
|
Batting: RHB Roger Rush
|
0-0: Swinging Strike 0-1: Foul Ball, location: 2F 0-2: Ball 1-2: Ball 2-2: Ball 3-2: Strikes out swinging
|
Bottom of the 5th over - 0 run(s), 1 hit(s), 0 error(s), 2 left on base; Barry's Bay 3 - Cincinnati 3 |
TOP OF THE 6TH |
Barry's Bay Orioles batting - Pitching for Cincinnati Pride : RHP Júlio Ovies
|
Now at C: Jorge Silva
|
|
Batting: RHB Troy González
|
0-0: SINGLE (Groundball, 56D)
|
Batting: SHB Garrett Waller
|
0-0: Called Strike 0-1: Ball Wild Pitch! Troy González to second 1-1: Ball 2-1: Ball 3-1: Called Strike 3-2: Base on Balls
|
Batting: RHB Octávio Aldeguer
|
0-0: Ball 1-0: Ball 2-0: Fielders Choice at 2nd, 3-6 (Groundball, 3) Troy González to third
|
Batting: RHB Bill Pike
|
0-0: Ball 1-0: SINGLE (Groundball, 56D) Troy González scores Octávio Aldeguer to second
|
Batting: SHB Emílio Calvillo
|
0-0: Ball 1-0: Ball 2-0: Foul Ball, location: 2F 2-1: Foul Ball, location: 2F 2-2: Foul Ball, location: 2F 2-2: Foul Ball, location: 2F 2-2: Foul Ball, location: 2F 2-2: Ball 3-2: Base on Balls Octávio Aldeguer to third Bill Pike to second
|
Batting: LHB Ryan Rheaume
|
0-0: Fly out, F8 (Flyball, 8RM) Runner from 3rd tags up, SCORES, no throw
|
Batting: RHB Jason Ward
|
0-0: Swinging Strike 0-1: Fielders Choice at 2nd, 6-4 (Groundball, 6)
|
Top of the 6th over - 2 run(s), 2 hit(s), 0 error(s), 1 left on base; Barry's Bay 5 - Cincinnati 3 |
BOTTOM OF THE 6TH |
Cincinnati Pride batting - Pitching for Barry's Bay Orioles : RHP Félix González
|
Batting: RHB Bartolo Montero
|
0-0: Foul Ball, location: 2F 0-1: Ball 1-1: Swinging Strike 1-2: Ball 2-2: Strikes out swinging
|
Batting: RHB Pete Woods
|
0-0: Ball 1-0: Ball 2-0: Called Strike 2-1: Ball 3-1: Swinging Strike 3-2: Strikes out swinging
|
Batting: RHB Keith Sheehan
|
0-0: Called Strike 0-1: Ball 1-1: SINGLE (Flyball, 8LS)
|
Pitching: RHP José García
|
|
Batting: RHB Gary Miller
|
0-0: Called Strike 0-1: Ball 1-1: Foul Ball, location: 2F 1-2: Foul Ball, location: 2F 1-2: Strikes out swinging
|
Bottom of the 6th over - 0 run(s), 1 hit(s), 0 error(s), 1 left on base; Barry's Bay 5 - Cincinnati 3 |
TOP OF THE 7TH |
Barry's Bay Orioles batting - Pitching for Cincinnati Pride : RHP Júlio Ovies
|
Batting: RHB Lorenzo Silva
|
0-0: Ball 1-0: Ball 2-0: Called Strike 2-1: Called Strike 2-2: Foul Ball, location: 2F 2-2: Foul Ball, location: 2F 2-2: Foul Ball, location: 2F 2-2: Foul Ball, location: 2F 2-2: Strikes out swinging
|
Pitching: LHP Jon Bridges
|
|
Batting: LHB T.J. Richardson
|
0-0: Ball 1-0: Ball 2-0: Fly out, F7 (Flyball, 78S)
|
Pitching: RHP Carl Rojas
|
|
Batting: RHB Troy González
|
0-0: Ball 1-0: Ball 2-0: Called Strike 2-1: Swinging Strike 2-2: Strikes out looking
|
Top of the 7th over - 0 run(s), 0 hit(s), 0 error(s), 0 left on base; Barry's Bay 5 - Cincinnati 3 |
BOTTOM OF THE 7TH |
Cincinnati Pride batting - Pitching for Barry's Bay Orioles : RHP José García
|
Batting: SHB Jaime Martínez
|
0-0: Called Strike 0-1: Foul Ball, location: 2F 0-2: Strikes out swinging
|
Batting: RHB Leslie Kennedy
|
0-0: Called Strike 0-1: Ball 1-1: Foul Ball, location: 2F 1-2: Ground out 5-3 (Groundball, 56S)
|
Batting: RHB Jorge Silva
|
0-0: SINGLE (Groundball, 34D)
|
Pitching: LHP Roberto Galaz
|
|
Batting: LHB John Clark
|
0-0: Swinging Strike 0-1: DOUBLE (Flyball, 7D) Jorge Silva to third
|
Pitching: RHP A.J. Martin
|
|
Batting: RHB Roger Rush
|
0-0: Ball 1-0: Ground out 6-3 (Groundball, 6)
|
Bottom of the 7th over - 0 run(s), 2 hit(s), 0 error(s), 2 left on base; Barry's Bay 5 - Cincinnati 3 |
TOP OF THE 8TH |
Barry's Bay Orioles batting - Pitching for Cincinnati Pride : RHP Carl Rojas
|
Batting: SHB Garrett Waller
|
0-0: Ball 1-0: Ball 2-0: Ground out 4-3 (Groundball, 4)
|
Batting: RHB Octávio Aldeguer
|
0-0: Ball 1-0: SINGLE (Line Drive, 4MD)
|
Batting: RHB Bill Pike
|
0-0: Called Strike 0-1: DOUBLE (Line Drive, 78M) Octávio Aldeguer to third
|
Batting: SHB Emílio Calvillo
|
0-0: Intentional Walk
|
Batting: LHB Ryan Rheaume
|
0-0: Swinging Strike 0-1: Swinging Strike 0-2: Strikes out swinging
|
Pinch Hitting: LHB Joe Vásquez
|
0-0: Called Strike 0-1: Swinging Strike 0-2: Ball 1-2: Ball 2-2: Strikes out swinging
|
Top of the 8th over - 0 run(s), 2 hit(s), 0 error(s), 3 left on base; Barry's Bay 5 - Cincinnati 3 |
BOTTOM OF THE 8TH |
Cincinnati Pride batting - Pitching for Barry's Bay Orioles : RHP A.J. Martin
|
Now at 1B: Rodney Harrison
|
|
Batting: RHB Bartolo Montero
|
0-0: Ball 1-0: Called Strike 1-1: SINGLE (Groundball, 6D)
|
Pitching: LHP Bernardo Valero
|
|
Batting: RHB Pete Woods
|
0-0: Ball 1-0: Fly out, F4 (Popup, 4)
|
Batting: RHB Keith Sheehan
|
0-0: Called Strike 0-1: Ball 1-1: Fly out, F9 (Flyball, 9LSF)
|
Batting: RHB Gary Miller
|
0-0: Fielders Choice at 2nd, U4 (Groundball, 4M)
|
Bottom of the 8th over - 0 run(s), 1 hit(s), 0 error(s), 1 left on base; Barry's Bay 5 - Cincinnati 3 |
TOP OF THE 9TH |
Barry's Bay Orioles batting - Pitching for Cincinnati Pride : RHP Carl Rojas
|
Batting: RHB Lorenzo Silva
|
0-0: Foul Ball, location: 2F 0-1: Ball 1-1: Ball 2-1: Ball 3-1: Foul Ball, location: 2F 3-2: Strikes out swinging
|
Batting: LHB T.J. Richardson
|
0-0: Ball 1-0: Foul Ball, location: 2F 1-1: Foul Ball, location: 2F 1-2: Strikes out looking
|
Batting: RHB Troy González
|
0-0: Ground out 6-3 (Groundball, 6S)
|
Top of the 9th over - 0 run(s), 0 hit(s), 0 error(s), 0 left on base; Barry's Bay 5 - Cincinnati 3 |
BOTTOM OF THE 9TH |
Cincinnati Pride batting - Pitching for Barry's Bay Orioles : LHP Bernardo Valero
|
Pitching: RHP Tim Osborne
|
|
Batting: SHB Jaime Martínez
|
0-0: Ground out 6-3 (Groundball, 6)
|
Batting: RHB Leslie Kennedy
|
0-0: Ball 1-0: Ball 2-0: Called Strike 2-1: Swinging Strike 2-2: Ground out 4-3 (Groundball, 4)
|
Batting: RHB Jorge Silva
|
0-0: Called Strike 0-1: Ball 1-1: Ball 2-1: Ball 3-1: Base on Balls
|
Batting: LHB John Clark
|
0-0: Ball 1-0: Foul Ball, location: 2F 1-1: Called Strike 1-2: Ball 2-2: Strikes out swinging
|
Bottom of the 9th over - 0 run(s), 0 hit(s), 0 error(s), 1 left on base; Barry's Bay 5 - Cincinnati 3 |
|